 Dungeon Sprint DCSS version 0.31-a0-18-gea43df2a32 (webtiles) character file.

Game seed: 4094374412765706663

188 sircluck the Ruffian (level 5, -9/57 HPs)
             Began as a Troll Berserker on May 12, 2023.
             Was a High Priest of Trog.
             Mangled by a gnoll sergeant
             ... wielding a +5 trident of freezing
              (15 damage)
             ... in the Dungeon (Sprint VII: "The Pits").
             The game lasted 00:00:56 (216 turns).

sircluck the Ruffian (Troll Berserker)               Turns: 216, Time: 00:00:56

Health: -9/57      AC:  4    Str: 27    XL:     5   Next: 39%
Magic:  4/4        EV: 11    Int:  3    God:    Trog [*****.]
Gold:   0          SH:  0    Dex:  9    Spells: 4/4 levels left

rFire   . .          .
                       - Unarmed
rCold   . . .        (no shield)
rNeg    . . .        a - +0 animal skin
rPois   .            (helmet restricted)
rElec   .            (no cloak)
rCorr   .            (gloves unavailable)
SInv    .            (boots unavailable)
Will    .....        (no amulet)
Stlth   +            (no ring)
HPRegen 1.09/turn    (no ring)
MPRegen 0.09/turn

%: no teleportation
@: no status effects
A: large, unfitting armour, claws 3, regeneration 1, shaggy fur 1, tough skin 1
a: Renounce Religion, Berserk, Trog's Hand, Brothers in Arms


You were in the Dungeon.
You worshipped Trog.
Trog was extremely pleased with you.
You visited 1 branch

Inventory:

Missiles
 j - 10 stones (quivered)
Armour
 a - a +0 animal skin (worn)
Scrolls
 g - a scroll of blinking
 i - a scroll of butterflies
Potions
 b - 6 potions of curing
 c - 6 potions of heal wounds
 d - a potion of haste
 e - 4 potions of magic
 f - 3 potions of berserk rage
 h - 2 potions of invisibility


   Skills:
 + Level 5.2 Fighting
 + Level 5.9 Dodging
 + Level 7.8 Unarmed Combat


You had 4 spell levels left.
You didn't know any spells.
Your spell library was empty.

Dungeon Overview and Level Annotations

Branches:
Dungeon (1/1)

Altars:
Cheibriados
Dithmenos
Elyvilon
Fedhas
Gozag
Hepliaklqana
Makhleb
Nemelex Xobeh
Okawaru
Qazlal
Ru
Sif Muna
Trog
Wu Jian
Xom
Yredelemnul
Zin
The Shining One
Jiyva


Innate Abilities, Weirdness & Mutations

You are too large for most types of armour.
You have claws for hands.
Your natural rate of healing is unusually fast.
You are covered in fur. (AC +1)
You have tough skin. (AC +1)


Message History

The necrophage is moderately damaged.
The necrophage hits you.
You feel drained.
You scratch the necrophage.
The necrophage is heavily damaged.
The necrophage hits you but does no damage.
You completely miss the necrophage.
The necrophage is moderately damaged.
The necrophage hits you.
You mangle the necrophage!!
You destroy the necrophage!
Trog accepts your kill.
Trog will now gift you melee weapons as you gain piety.
Your life force feels restored.
Your Fighting skill increases to level 5!
Your Dodging skill increases to level 5!
Your Unarmed Combat skill increases to level 7!
You have reached level 5!
You mangle the iron imp!!
You kill the iron imp!
Trog accepts your kill.
The gnoll sergeant hits you from afar with a +5 trident of freezing!
The gnoll sergeant freezes you.
The gnoll sergeant hits you with a +5 trident of freezing.
The gnoll sergeant freezes you.
You see here a necrophage corpse.
You closely miss the gnoll sergeant.
The gnoll sergeant hits you with a +5 trident of freezing!
The gnoll sergeant freezes you.
You mangle the gnoll sergeant!!
The gnoll sergeant is almost dead.
You scratch the gnoll sergeant but do no damage.
The gnoll sergeant is almost dead.
The gnoll sergeant hits you with a +5 trident of freezing!
* * * LOW HITPOINT WARNING * * *
The gnoll sergeant freezes you.
* * * LOW HITPOINT WARNING * * *
You closely miss the gnoll sergeant.
The gnoll sergeant is almost dead.
The gnoll sergeant hits you with a +5 trident of freezing!
You die...

##########.##.....
#..........)'.....
#'#####'#####.....
#.#..#..#..##.....
#.#..'..#))#####'#
#.#..####))##.....
#†#..#..#))##.....
#.#..#..#[[##.....
#@##'#..#'###...<.
#g#...†....##.....
#h#........##.....
#g###########.....
#g...5g.# ######
#...#g..# #...# .#
#.##. #.. #.


You could see a warg, a gnoll sergeant and 2 gnolls.

Vanquished Creatures
  A phantom (D)
  A necrophage (D)
  An iron imp (D)
  An adder (D)
  An ufetubus (D)
  A bat (D)
  A bat skeleton (D)
  An endoplasm (D)
  A hobgoblin (D)
  3 jackals (D)
  A kobold (D)
  2 rats (D)
15 creatures vanquished.

Notes
Turn   | Place    | Note
-------+----------+-------------------------------------------
     0 | D        | sircluck the Troll Berserker began the quest for the Orb.
     0 | D        | Reached XP level 1. HP: 22/22 MP: 0/0
    72 | D        | Found a bloodstained altar of Trog.
    72 | D        | Found a shimmering blue altar of Sif Muna.
    72 | D        | Found a viscous altar of Jiyva.
    72 | D        | Found a hazy altar of Hepliaklqana.
    72 | D        | Found an opulent altar of Gozag.
    73 | D        | Found a glowing golden altar of the Shining One.
    73 | D        | Found a glowing silver altar of Zin.
    73 | D        | Found a basalt altar of Yredelemnul.
    73 | D        | Found a shimmering altar of Xom.
    73 | D        | Found an ornate altar of the Wu Jian Council.
    73 | D        | Found a sacrificial altar of Ru.
    73 | D        | Found a stormy altar of Qazlal.
    73 | D        | Found an iron altar of Okawaru.
    73 | D        | Found a sparkling altar of Nemelex Xobeh.
    73 | D        | Found a burning altar of Makhleb.
    73 | D        | Found a blossoming altar of Fedhas.
    73 | D        | Found a white marble altar of Elyvilon.
    73 | D        | Found a shadowy altar of Dithmenos.
    73 | D        | Found a snail-covered altar of Cheibriados.
    80 | D        | Reached ** piety under Trog
   104 | D        | Reached *** piety under Trog
   105 | D        | Noticed a phantom
   112 | D        | Reached XP level 2. HP: 12/31 MP: 1/1
   115 | D        | Reached skill level 4 in Unarmed Combat
   115 | D        | Reached **** piety under Trog
   124 | D        | Killed a phantom
   125 | D        | Reached skill level 6 in Unarmed Combat
   125 | D        | Reached XP level 3. HP: 17/40 MP: 2/2
   125 | D        | Reached XP level 4. HP: 21/49 MP: 3/3
   197 | D        | Noticed a gnoll sergeant
   197 | D        | Noticed a warg
   197 | D        | Noticed a necrophage
   210 | D        | Killed a necrophage
   210 | D        | Reached ***** piety under Trog
   211 | D        | Reached skill level 5 in Fighting
   211 | D        | Reached skill level 5 in Dodging
   211 | D        | Reached skill level 7 in Unarmed Combat
   211 | D        | Reached XP level 5. HP: 52/57 MP: 4/4
   216 | D        | Mangled by a gnoll sergeant

Illustrated notes

Levels and vault maps discovered:
D:        pitsprint [storerooms_1, entrance_room_1, metal_vault_3, armoury_2,
          mini_pit_1, grid_room_1, main_hall_1, silver_pit, the_coven_3,
          the_vestibule_1, steel_vault_2, golden_pit, hallway_of_sentries,
          crystal_vault_5, iron_vault_1, final_vault]

Skill      XL: |  1  2  3  4 |
---------------+-------------+-----
Fighting       | 3 4 5 |  5.2
Dodging        | 3 4 5 |  5.9
Unarmed Combat | 6 7 |  7.8

Action                     |  1- 3 |  4- 6 || total
---------------------------+-------+-------++-------
  Melee: Unarmed           |    30 |    10 ||    40
 Armour: Animal skin       |    26 |     2 ||    28
  Dodge: Dodged            |    31 |       ||    31

Table legend: (Time is in decaauts)
 A = Elapsed time spent in this place.
 B = Non-inter-level travel time spent in this place.
 C = Inter-level travel time spent in this place.
 D = Time resting spent in this place.
 E = Time spent auto-exploring this place.
 F = Levels seen in this place.
 G = Mean time per level.
                   A        B        C        D        E       F      G
               +--------+--------+--------+--------+--------+-----+--------+
         Total |    212 |    212 |      0 |      0 |     87 |   1 |  212.0 |
       Dungeon |    212 |    212 |      0 |      0 |     87 |   1 |  212.0 |
               +--------+--------+--------+--------+--------+-----+--------+

Top non-repeatable levels by time:
       D: 212 daAuts
